 Dungeon Crawl Stone Soup version 0.29-a0-563-g64e4043184 (webtiles) character file.

Game seed: 12263838123603971105

32 Ajdolov the Grave Robber (level 3, 0/24 HPs)
             Began as a Mummy Necromancer on June 11, 2022.
             Was an Initiate of Ashenzari.
             Slain by an orc priest
             ... wielding a +0 vorpal war axe
              (1 damage)
             ... on level 3 of the Dungeon.
             The game lasted 00:04:31 (2114 turns).

Ajdolov the Grave Robber (Mummy Necromancer)        Turns: 2114, Time: 00:04:32

Health: 0/24       AC:  2    Str: 11    XL:     3   Next: 8%
Magic:  2/8        EV: 16    Int: 16    God:    Ashenzari [......]
Gold:   70         SH:  0    Dex: 12    Spells: 8/9 levels left

rFire   x . .      SeeInvis .   f - +11 long sword "Mitori Mueck" {elec, rElec}
rCold   + . .      Faith    .   (no shield)
rNeg    + + +      Spirit   .   a - +0 robe "Annoyance of Ashenzari" {Cun, Self} (curse)
rPois   ∞          Reflect  .   (no helmet)
rElec   +          Harm     .   (no cloak)
rCorr   .          Rampage  .   (no gloves)
Will    .....                   (no boots)
Stlth   ++........              (no amulet)
HPRegen 0.08/turn               c - ring of wizardry
MPRegen 0.11/turn               h - +4 ring of evasion

@: no status effects
A: cold resistance 1, negative energy resistance 3, torment resistance 2, heat
vulnerability 1, in touch with death 1, no potions
a: Renounce Religion, Shatter the Chains


You were on level 3 of the Dungeon.
You worshipped Ashenzari.
Ashenzari was noncommittal.
You visited 1 branch of the dungeon, and saw 3 of its levels.

You collected 70 gold pieces.

Inventory:

Hand Weapons
 f - the +11 long sword "Mitori Mueck" (weapon) {elec, rElec}
   (You found it on level 2 of the Dungeon)

   It occasionally discharges a powerful burst of electricity upon striking a
   foe.
   rElec:     It insulates you from electricity.
Missiles
 e - a throwing net
Armour
 a - the cursed +0 robe "Annoyance of Ashenzari" (worn) {Cun, Self}

   It has a curse which improves the following skills: Cunning: Dodging and
   Stealth.
   Introspection: Fighting and Spellcasting.
Jewellery
 c - a ring of wizardry (left hand)
 h - a +4 ring of evasion (right hand)
Scrolls
 b - 3 scrolls of identify {unknown}
 d - a scroll of silence {unknown}
 g - a scroll of acquirement {unknown}
 i - a scroll of magic mapping {unknown}
 j - a scroll of poison {unknown}
 k - a scroll of blinking {unknown}


   Skills:
 - Level 1.9(2.2) Dodging
 - Level 2.0(2.3) Stealth
 * Level 3.4(3.8) Spellcasting
 + Level 4.2 Necromancy


You had 8 spell levels left.
You knew the following spells:

 Your Spells              Type           Power      Damage    Failure   Level
a - Necrotize             Necr           100%       1d9       1%          1

Your spell library contained the following spells:

 Spells                   Type           Power      Damage    Failure   Level
 Vampiric Draining        Necr           25%        2d7       3%          3
 Animate Dead             Necr           25%        N/A       12%         4
 Dazzling Flash           Conj/Hex       6%         N/A       21%         3
 Frozen Ramparts          Ice            6%         1d2       21%         3
 Agony                    Necr           25%        N/A       32%         5
 Summon Ice Beast         Ice/Summ       3%         N/A       52%         4
 Silence                  Hex/Air        1%         N/A       86%         5
 Ice Form                 Ice/Tmut       Unusable   N/A       N/A         4

Dungeon Overview and Level Annotations

Branches:
Dungeon (3/15)

Altars:
Ashenzari


Innate Abilities, Weirdness & Mutations

You are immune to poison.
Your flesh is cold resistant. (rC+)
You are immune to negative energy. (rN+++)
You are immune to unholy pain and torment.
You are vulnerable to heat. (rF-)
You are in touch with the powers of death.
You do not drink.


Message History

The orc priest calls down the wrath of Beogh upon you.
Beogh smites you!
You are too injured to fight recklessly!
Unknown command.
You are too injured to fight recklessly!
Aiming: Necrotize (safe; 1% risk of failure)
Press: ? - help, Q - select action, (/) - cycle Shift-Dir - straight line, f/p - orc priest
Aim: an orc priest, wielding a +0 vorpal war axe and wearing a +0 leather armour (ally target, chance to affect: 83%)
You feel a surge of power!
The orc priest writhes in agony.
Your orc skeleton closely misses the orc priest.
Your orc skeleton hits the orc priest but does no damage.
Aiming: Necrotize (safe; 1% risk of failure)
Press: ? - help, Q - select action, (/) - cycle Shift-Dir - straight line, f/p - orc priest
Aim: an orc priest, wielding a +0 vorpal war axe and wearing a +0 leather armour (lightly wounded, ally target, chance to affect: 83%)
You feel a surge of power!
The orc priest barely resists.
Your orc skeleton hits the orc priest but does no damage.
The orc priest hits your orc skeleton with a +0 vorpal war axe!
Your orc skeleton is destroyed!
The orc priest hits your orc skeleton with a +0 vorpal war axe!
Your orc skeleton is destroyed!
Aiming: Necrotize (safe; 1% risk of failure)
Press: ? - help, Q - select action, (/) - cycle Shift-Dir - straight line, f/p - orc priest
Aim: an orc priest, wielding a +0 vorpal war axe and wearing a +0 leather armour (lightly wounded, chance to affect: 83%)
You feel a surge of power!
The orc priest barely resists.
Unknown command.
Aiming: Necrotize (safe; 1% risk of failure)
Press: ? - help, Q - select action, (/) - cycle Shift-Dir - straight line, f/p - orc priest
Aim: an orc priest, wielding a +0 vorpal war axe and wearing a +0 leather armour (lightly wounded, chance to affect: 83%)
You feel a surge of power!
The orc priest writhes in agony.
The orc priest closely misses you.
You slash the orc priest!
The orc priest is severely wounded.
The orc priest hits you with a +0 vorpal war axe!
* * * LOW HITPOINT WARNING * * *
x2 Unknown command.
You closely miss the orc priest.
The orc priest is severely wounded.
The orc priest hits you with a +0 vorpal war axe.
* * * LOW HITPOINT WARNING * * *
You die...

.#####. #.# oo #.###
o#. #...#
###.#####.#Z###
........#...#
......#####)# ##
######....#...##...##
.....#....#.........#
.....#.o@..###....#
###.#.#....####....#
#...............#..#
..#......######....#
###.#..# # #.#..#
####....###
..........#
.........#.#


You could see an orc priest.

Vanquished Creatures
  3 orcs (D:3)
  3 ball pythons
  3 endoplasms
  A giant cockroach (D:1)
  4 hobgoblins (D:1)
  5 quokkas
  A bat (D:1)
  A kobold (D:1)
  3 rats (D:1)
24 creatures vanquished.

Vanquished Creatures (collateral kills)
  An endoplasm (D:1)
1 creature vanquished.

Grand Total: 25 creatures vanquished

Notes
Turn   | Place    | Note
-------+----------+-------------------------------------------
     0 | D:1      | Ajdolov the Mummy Necromancer began the quest for the Orb.
     0 | D:1      | Reached XP level 1. HP: 13/13 MP: 4/4
   352 | D:1      | Reached XP level 2. HP: 19/19 MP: 2/5
   396 | D:1      | Found a faded altar of an unknown god.
  1160 | D:2      | Found a broken altar of Ashenzari.
  1168 | D:2      | Identified the +11 long sword "Mitori Mueck" {elec, rElec}
  1183 | D:2      | Became a worshipper of Ashenzari the Shackled
  2095 | D:3      | Gained mutation: You are in touch with the powers of death.
                  | [Mummy growth]
  2095 | D:3      | Reached XP level 3. HP: 17/24 MP: 5/8
  2113 | D:3      | HP: 1/24 [orc priest/+0 vorpal war axe (2)]
  2114 | D:3      | Slain by an orc priest

Illustrated notes

Levels and vault maps discovered:
D:1:      ncdulo_lavacross, layout_loops_corners,
          dreamdust_ecumenical_altar_grove, st_stairs_12
D:2:      layout_basic, basic_altar
D:3:      layout_loops_ring, nicolae_shop_unique_rings

Skill      XL: |  1  2 |
---------------+-------+-----
Spellcasting   | 3 |  3.4
Stealth        | 2 |  2.0
Dodging        | |  1.9
Necromancy     | |  4.2

Action                   || total
-------------------------++-------
Melee: Unarmed           ||     1
       Long sword        ||    10
 Cast: Necrotize         ||    50
Invok: Curse Item        ||     1
 Stab: Sleeping          ||     1
Armor: Robe              ||     1
Dodge: Dodged            ||    19

Table legend: (Time is in decaauts)
 A = Elapsed time spent in this place.
 B = Non-inter-level travel time spent in this place.
 C = Inter-level travel time spent in this place.
 D = Time resting spent in this place.
 E = Time spent auto-exploring this place.
 F = Levels seen in this place.
 G = Mean time per level.
                   A        B        C        D        E       F      G
               +--------+--------+--------+--------+--------+-----+--------+
         Total |   2115 |   1995 |    120 |     46 |   1716 |   3 |  705.0 |
       Dungeon |   2115 |   1995 |    120 |     46 |   1716 |   3 |  705.0 |
               +--------+--------+--------+--------+--------+-----+--------+

Top non-repeatable levels by time:
     D:1: 1158 daAuts
     D:2: 805 daAuts
     D:3: 151 daAuts
